 Dungeon Crawl Stone Soup version 0.18.1-8-gdd0e5ea (webtiles) character file.

7055 georgeearnest the Nimble (level 10, 0/84 HPs)
             Began as a Yellow Draconian Monk on May 27, 2016.
             Was an Elder of Nemelex Xobeh.
             Succumbed to a redback's poison
             ... in a bailey.
             The game lasted 00:31:41 (11792 turns).

georgeearnest the Nimble (Yellow Draconian Monk)   Turns: 11792, Time: 00:31:42

Health: 0/84       AC: 16    Str: 14    XL:     10   Next: 83%
Magic:  20/20      EV: 19    Int: 11    God:    Nemelex Xobeh [****..]
Gold:   125        SH:  5    Dex: 16    Spells: 0 memorised, 22 levels left

rFire  . . .     SeeInvis .       - Unarmed
rCold  . . .     Gourm    .     (armour unavailable)
rNeg   . . .     Faith    .     i - +0 buckler
rPois  .         Spirit   .     I - +0 hat
rElec  .         Dismiss  .     (no cloak)
rCorr  +         Reflect  .     o - +1 pair of gloves {archery}
SustAt .         Harm     .     b - +2 pair of boots {Fly}
MR     +....                    (no amulet)
Stlth  +++.......               p - +4 ring of protection
                                n - ring of protection from magic

@: lethally poisoned (0 -> -49), flying, somewhat resistant to hostile
enchantments, fairly stealthy
A: spit acid, acid resistance, unfitting armour, cold-blooded, AC +7
a: Spit Acid, Triple Draw, Deal Four, Renounce Religion, Stop Flying


You were in a bailey.
You worshipped Nemelex Xobeh.
Nemelex Xobeh was greatly pleased with you.
You were very hungry.

You visited 1 branch of the dungeon, and saw 9 of its levels.
You also visited: Bailey.

You collected 288 gold pieces.
You spent 163 gold pieces at shops.

Inventory:

Missiles
 C - 15 tomahawks of returning (quivered)
Armour
 b - a +2 pair of boots of flying (worn)
 g - a +0 pair of boots
 i - a +0 buckler (worn)
 o - a +1 pair of gloves of archery (worn)
 I - a +0 hat (worn)
Jewellery
 n - a ring of protection from magic (left hand)
 p - a +4 ring of protection (right hand)
 w - an uncursed ring of ice
 A - an uncursed ring of flight
Wands
 m - a wand of iceblast (3/15)
 r - a wand of teleportation (0/9)
 y - a wand of digging (6/24)
 F - a wand of acid (0/15)
 G - a wand of random effects (36/48)
 H - a wand of polymorph (7/24)
Scrolls
 c - 6 scrolls of remove curse
 e - 10 scrolls of identify
 j - a scroll of recharging
 k - 2 scrolls of amnesia {unknown}
 l - 2 scrolls of teleportation {unknown}
 q - 2 scrolls of noise
 s - a scroll of summoning {unknown}
 x - 2 scrolls of enchant weapon {unknown}
 z - a scroll of enchant armour
 D - a scroll of immolation {unknown}
Potions
 t - a potion of degeneration
 u - a potion of brilliance {unknown}
 v - a potion of flight {unknown}
Books
 d - a book of Callings

   Spells                             Type                      Level
   a - Summon Small Mammal            Summoning                    1
   b - Call Imp                       Summoning                    2
   c - Call Canine Familiar           Summoning                    3
   d - Summon Guardian Golem          Hexes/Summoning              3
   e - Summon Lightning Spire         Summoning/Air                4
   f - Summon Ice Beast               Ice/Summoning                4
 h - a book of Enchantments

   Spells                             Type                      Level
   a - Cause Fear                     Hexes                        4
   b - Yara's Violent Unravelling     Hexes/Transmutation          5
   c - Silence                        Hexes/Air                    5
   d - Deflect Missiles               Charms/Air                   6
   e - Haste                          Charms                       6
   f - Discord                        Hexes                        8
Miscellaneous
 a - a plain deck of wonders
 f - a plain deck of escape {drawn: 1}
 B - a plain deck of destruction {drawn: 2}


   Skills:
 + Level 6.4 Fighting
 + Level 9.8 Dodging
 + Level 4.4 Stealth
 + Level 4.4 Shields
 + Level 7.7 Unarmed Combat
 * Level 6.6 Spellcasting
 + Level 3.6 Evocations


You had 22 spell levels left.
You didn't know any spells.

Dungeon Overview and Level Annotations

Branches:
Dungeon (9/15)             Temple (0/1) D:5
   Lair: D:8-11         Orc: D:9-12

Altars:
Ashenzari
Elyvilon
Makhleb
Nemelex Xobeh
Okawaru
Vehumet
Xom
Zin

Shops:
D:4 *   D:5 !

Annotations:
D:3 Natasha


Innate Abilities, Weirdness & Mutations

You can spit globs of acid.
You are resistant to acid.
Your golden yellow scales are hard (AC +7).
Your body does not fit into most forms of armour.
You are cold-blooded and may be slowed by cold attacks.


Message History

The redback poisons you!
You barely miss the redback.
The redback is severely wounded.
* * * LOW HITPOINT WARNING * * *
You feel very sick. You block the redback's attack.
* * * LOW HITPOINT WARNING * * *
You feel very sick.
* * * LOW HITPOINT WARNING * * *
You feel very sick. The redback closely misses you. The orc warrior misses you.
* * * LOW HITPOINT WARNING * * *
You feel very sick.
Drink which item? (? for menu, Esc to quit)
Okay, then.
* * * LOW HITPOINT WARNING * * *
You feel very sick.
The redback bites you but does no damage.
You die...
Your body glows slightly and disappears.

... ..........#### .#
...).......## ##
##'#.........## .#
#..#....⌠.....# .# .K
#..###.......#
.####'####..' #.....#####
... ... ....###os....#≈≈≈
.####'####.o#......≈≈≈≈≈≈
##...oo..####)≈≈@≈≈≈≈≈≈≈
∩#..KgKo.#∩≈≈≈≈≈≈≈....##
≈#########≈≈≈≈.......##
≈≈≈≈≈≈≈≈≈≈≈≈≈.......##
#.≈≈≈≈≈≈≈≈....((((###
##..........((.####
##..∩......####
##...(.(.### ##.....####


You could see an orc warrior and a redback.

Vanquished Creatures
  A manticore (Bailey)
  Psyche (D:8)
  A wyvern (D:8)
  Eustachio (D:8)
  A steam dragon (D:6)
  3 hippogriffs
  2 hungry ghosts (D:8)
  A water moccasin (D:8)
  2 orc warriors
  Duvessa (D:5)
  A necrophage (D:7)
  3 sky beasts
  2 phantoms
  An eye of draining (D:8)
  3 centaurs (D:8)
  6 ogres
  A crocodile (D:7)
  Blork the orc (D:4)
  3 giant frogs
  3 gnoll sergeants (D:8)
  3 scorpions
  3 killer bees (D:8)
  5 wights (D:8)
  A crimson imp (D:5)
  A quasit (D:7)
  6 orc priests
  A centaur skeleton (D:5)
  2 hounds
  8 orc wizards
  An iguana (D:8)
  A giant frog skeleton (D:5)
  6 worker ants
  A hound skeleton (D:4)
  12 adders
  12 gnolls
  3 shadow imps
  2 oozes
  3 worms (D:2)
  3 dart slugs
  3 giant geckos
  17 orcs
  A ball python (D:3)
  9 bats
  5 giant cockroaches
  14 goblins
  6 hobgoblins
  2 jackals (D:5)
  6 quokkas
  A giant newt (D:2)
  15 kobolds
  6 rats
197 creatures vanquished.

Vanquished Creatures (collateral kills)
  Gastronok (D:8)
  The ghost of Nanban the Ducker, a novice DrSk of Makhleb (D:6)
  Maurice (D:8)
  A hippogriff (D:8)
  A wasp (D:6)
  An ice beast (D:7)
  Dowan (D:5)
  3 killer bees (D:8)
  A howler monkey (D:6)
  A giant frog skeleton (D:6)
  2 orc priests (D:6)
  An orc wizard (D:6)
  A hound zombie (D:8)
  A giant gecko (D:6)
  5 orcs
  A quokka (D:6)
23 creatures vanquished.

Grand Total: 220 creatures vanquished

Notes
Turn   | Place    | Note
--------------------------------------------------------------
     0 | D:1      | georgeearnest the Draconian Monk began the quest for the Orb.
     0 | D:1      | Reached XP level 1. HP: 19/19 MP: 1/1
   130 | D:1      | Reached XP level 2. HP: 24/26 MP: 2/2
   997 | D:2      | Reached skill level 3 in Dodging
   997 | D:2      | Reached XP level 3. HP: 18/31 MP: 3/3
  1531 | D:2      | Reached XP level 4. HP: 40/40 MP: 4/4
  2265 | D:3      | Noticed Natasha
  2605 | D:3      | Reached XP level 5. HP: 27/46 MP: 6/6
  2862 | D:3      | Reached skill level 4 in Dodging
  2862 | D:3      | Reached skill level 1 in Spellcasting
  3020 | D:4      | Found an iron altar of Okawaru.
  3045 | D:4      | Noticed Blork the orc
  3058 | D:4      | Killed Blork the orc
  3257 | D:4      | Reached XP level 6. HP: 52/52 MP: 6/8
  3889 | D:4      | Found a sparkling altar of Nemelex Xobeh.
  3895 | D:4      | Became a worshipper of Nemelex Xobeh the Trickster
  3895 | D:4      | Received a gift from Nemelex Xobeh
  3895 | D:4      | Reached * piety under Nemelex Xobeh
  3895 | D:4      | Received a gift from Nemelex Xobeh
  3895 | D:4      | Reached ** piety under Nemelex Xobeh
  3985 | D:4      | Found Yruc's Assorted Antiques.
  3990 | D:4      | Bought a pair of runed gloves for 108 gold pieces
  4072 | D:4      | Found a radiant altar of Vehumet.
  4255 | D:5      | Entered Level 5 of the Dungeon
  4285 | D:5      | Noticed Dowan
  4286 | D:5      | Noticed Duvessa
  4306 | D:6      | Noticed an orc warrior
  4367 | D:6      | Noticed a steam dragon
  4367 | D:6      | an orc warrior changed into a steam dragon
  4373 | D:6      | Killed a steam dragon
  4373 | D:6      | Reached skill level 5 in Dodging
  4373 | D:6      | Reached skill level 1 in Shields
  4373 | D:6      | Reached skill level 5 in Unarmed Combat
  4702 | D:6      | Found a white marble altar of Elyvilon.
  4710 | D:6      | Your scales start taking on a golden yellow colour.
  4710 | D:6      | Reached XP level 7. HP: 51/59 MP: 8/10
  4846 | D:6      | Noticed Nanban's ghost (novice DrSk)
  4854 | D:6      | Killed Nanban's ghost
  4854 | D:6      | Reached skill level 1 in Evocations
  5019 | D:6      | Received a gift from Nemelex Xobeh
  5088 | D:6      | Reached XP level 8. HP: 67/67 MP: 12/12
  5102 | D:6      | Reached skill level 6 in Dodging
  5649 | D:5      | Killed Dowan
  5658 | D:5      | Killed Duvessa
  5926 | D:5      | Received a gift from Nemelex Xobeh
  5932 | D:5      | Found Talleil's Distillery.
  5940 | D:5      | Bought a potion of heal wounds for 55 gold pieces
  5942 | D:5      | Reached *** piety under Nemelex Xobeh
  6106 | D:5      | Found a burning altar of Makhleb.
  6111 | D:5      | Found a glowing silver altar of Zin.
  6111 | D:5      | Noticed an angel
  6111 | D:5      | Noticed a cacodemon
  6702 | D:5      | Found a staircase to the Ecumenical Temple.
  6757 | D:5      | Reached skill level 5 in Fighting
  6932 | D:5      | Reached XP level 9. HP: 61/74 MP: 15/15
  7215 | D:7      | Received a gift from Nemelex Xobeh
  7241 | D:7      | Found a shattered altar of Ashenzari.
  7549 | D:7      | Reached skill level 7 in Dodging
  8113 | D:7      | Reached skill level 5 in Spellcasting
  8497 | D:8      | Noticed Gastronok
  8509 | D:8      | Killed Gastronok
  8509 | D:8      | Reached skill level 8 in Dodging
  8569 | D:8      | Reached XP level 10. HP: 83/83 MP: 18/18
  8606 | D:8      | Noticed Maurice
  8617 | D:8      | Killed Maurice
  9275 | D:8      | Found a shimmering altar of Xom.
 10022 | D:8      | Noticed Eustachio
 10092 | D:8      | Found a shimmering altar of Xom.
 10092 | D:8      | Found a shimmering altar of Xom.
 10475 | D:8      | Received a gift from Nemelex Xobeh
 10684 | D:8      | Reached skill level 9 in Dodging
 10832 | D:8      | Killed Eustachio
 11114 | D:8      | Reached **** piety under Nemelex Xobeh
 11194 | D:8      | Noticed Psyche
 11208 | D:8      | Killed Psyche
 11610 | D:9      | Found a flagged portal.
 11619 | Bailey   | Entered a bailey
 11638 | Bailey   | Noticed an orc knight
 11660 | Bailey   | Received a gift from Nemelex Xobeh
 11753 | Bailey   | Noticed a manticore
 11753 | Bailey   | an orc knight changed into a manticore
 11761 | Bailey   | Killed a manticore
 11777 | Bailey   | Noticed an orc knight
 11779 | Bailey   | an orc knight changed into a redback
 11791 | Bailey   | HP: 4/84 [poisoned by a redback]
 11792 | Bailey   | Succumbed to a redback's poison

Skill      XL: |  1  2  3  4  5  6  7  8  9 10 |
---------------+-------------------------------+-----
Stealth        | 2 3 4 |  4.4
Dodging        | 3 4 5 6 8 9 |  9.8
Spellcasting   | 1 2 3 4 5 6 |  6.6
Fighting       | 4 5 6 |  6.4
Shields        | 1 2 3 4 |  4.4
Unarmed Combat | 5 6 7 |  7.7
Evocations     | 1 3 |  3.6

Action                   |  1- 3 |  4- 6 |  7- 9 | 10-12 || total
-------------------------+-------+-------+-------+-------++-------
Melee: Unarmed           |    87 |   199 |   349 |   482 ||  1117
       Tailslap          |    10 |    25 |    58 |    56 ||   149
       Punch             |     3 |       |       |       ||     3
 Abil: Spit Acid         |       |       |     2 |       ||     2
Evoke: Deck              |       |    10 |    31 |     9 ||    50
       Wand              |       |       |     4 |     7 ||    11
  Use: Potion            |     2 |     4 |       |     3 ||     9
       Scroll            |       |    12 |     2 |       ||    14
 Stab: Sleeping          |     3 |     4 |     5 |       ||    12
  Eat: Bread ration      |     1 |     2 |     1 |       ||     4
       Meat ration       |       |       |     3 |     2 ||     5
       Pizza             |       |       |       |     1 ||     1
Armor: Skin              |    34 |    54 |   113 |   165 ||   366
Dodge: Dodged            |    75 |   128 |   210 |   441 ||   854
Block: Buckler           |       |    39 |    78 |   131 ||   248
